 Dungeon Crawl Stone Soup version 0.31-a0-187-gba352fbbf7 (webtiles) character file.

Game seed: 16209769027344263961

388 brknglss the Grasshopper (level 6, -2/51 HPs)
             Began as a Gnoll Warper on June 23, 2023.
             Slain by an orc
             ... wielding a +0 war axe
              (10 damage)
             ... on level 3 of the Dungeon.
             The game lasted 00:08:53 (3402 turns).

brknglss the Grasshopper (Gnoll Warper)             Turns: 3402, Time: 00:08:54

Health: -2/51      AC:  3    Str: 10    XL:     6   Next: 79%
Magic:  9/14       EV: 13    Int: 15    God:
Gold:   105        SH:  0    Dex: 11    Spells: 10/15 levels left

rFire   . . .        v - +0 trident
rCold   . . .        (no shield)
rNeg    . . .        b - +0 leather armour
rPois   .            (no helmet)
rElec   .            (no cloak)
rCorr   .            (no gloves)
SInv    .            (no boots)
Will    .....        (no amulet)
Stlth   ++           (no ring)
HPRegen 0.28/turn    (no ring)
MPRegen 0.14/turn

%: no passive effects
@: no status effects
A: fangs 1, strong nose, distributed training
a: no special abilities


You were on level 3 of the Dungeon.
You visited 1 branch of the dungeon, and saw 4 of its levels.

You collected 105 gold pieces.

Inventory:

Hand Weapons
 v - a +0 trident (weapon)
Missiles
 d - 5 boomerangs of dispersal (quivered)
 p - 4 poisoned darts
 w - 2 boomerangs
 x - 2 silver boomerangs
 z - a throwing net
Armour
 b - a +0 leather armour (worn)
Magical Staves
 n - a staff of poison
Scrolls
 a - 2 scrolls of amnesia {unknown}
 c - a scroll of blinking
 f - a scroll of butterflies {unknown}
 h - a scroll of immolation {unknown}
 l - a scroll of enchant armour {unknown}
 m - a scroll of vulnerability {unknown}
 r - 3 scrolls of teleportation {unknown}
 u - a scroll of fog {unknown}
 y - a scroll of torment {unknown}
Potions
 e - a potion of might
 g - 3 potions of mutation
 i - a potion of magic
 j - 2 potions of enlightenment
 k - 2 potions of lignification
 o - a potion of ambrosia
 s - a potion of curing {unknown}
 t - 2 potions of attraction {unknown}


   Skills:
 + Level 5.1 Fighting
 + Level 2.2 Short Blades
 + Level 2.2 Long Blades
 + Level 2.2 Axes
 + Level 2.2 Maces & Flails
 + Level 5.1 Polearms
 + Level 2.2 Staves
 + Level 2.2 Ranged Weapons
 + Level 3.4 Throwing
 + Level 3.4 Armour
 + Level 5.1 Dodging
 + Level 2.2 Stealth
 + Level 2.2 Shields
 + Level 2.2 Unarmed Combat
 + Level 5.4 Spellcasting
 + Level 1.7 Conjurations
 + Level 1.7 Hexes
 + Level 1.7 Summonings
 + Level 1.7 Necromancy
 + Level 5.7 Translocations
 + Level 1.7 Transmutations
 + Level 1.7 Fire Magic
 + Level 1.7 Ice Magic
 + Level 1.7 Air Magic
 + Level 1.7 Earth Magic
 + Level 1.7 Poison Magic
 + Level 2.4 Invocations
 + Level 2.2 Evocations


You had 10 spell levels left.
You knew the following spells:

 Your Spells              Type           Power      Damage    Failure   Level
a - Blink                 Tloc           42%        N/A       3%          2
b - Vhi's Electric Charg  Tloc/Air       30%        N/A       13%         3

Your spell library contained the following spells:

 Spells                   Type           Power      Damage    Failure   Level
 Lesser Beckoning         Tloc           42%        N/A       3%          2
 Teleport Other           Tloc           21%        N/A       6%          3
 Manifold Assault         Tloc           21%        N/A       19%         4


Dungeon Overview and Level Annotations

Branches:
Dungeon (4/15)
 Temple: D:4-7

Altars:
Okawaru
Qazlal
Xom


Innate Abilities, Weirdness & Mutations

You have very sharp teeth.
Your uncanny sense of smell can sniff out nearby items.
Your experience applies equally to all skills.


Message History

Confirm with . or Enter, or press ? or * to list all spells.
You are still too unstable to blink.
The orc attacks as you move away! The orc hits you with a +0 war axe.
* * * LOW HITPOINT WARNING * * *
You feel stable enough to blink again.
Casting: Blink (safe; 3% risk of failure)
Confirm with . or Enter, or press ? or * to list all spells.
You blink.
You hear some strange, mumbled words.
You are confused.
There is a stone staircase leading down here.
You bump into the rock wall.
You bump into the rock wall.
You feel stable enough to blink again.
You're too confused to move!
Something hits you but does no damage.
You feel less confused.
Casting: Blink (safe; 3% risk of failure)
Confirm with . or Enter, or press ? or * to list all spells.
You miscast Blink.
You are very lightly contaminated with residual magic.
Nothing appears to happen.
The orc hits you but does no damage.
Casting: Blink (safe; 3% risk of failure)
Confirm with . or Enter, or press ? or * to list all spells.
You blink.
The orc misses you. Something hits you.
* * * LOW HITPOINT WARNING * * *
The orc attacks as you move away! The orc barely misses you.
You feel stable enough to blink again.
Your magical contamination has completely faded away.
The orc attacks as you move away! The orc barely misses you.
The orc attacks as you move away! The orc closely misses you.
The orc attacks as you move away! The orc barely misses you.
The orc attacks as you move away! The orc hits you with a +0 war axe.
* * * LOW HITPOINT WARNING * * *
The orc attacks as you move away! The orc misses you.
The orc attacks as you move away! The orc misses you.
The orc attacks as you move away! The orc hits you with a +0 war axe.
* * * LOW HITPOINT WARNING * * *
The orc attacks as you move away! The orc hits you but does no damage.
The orc attacks as you move away! The orc hits you with a +0 war axe!
You die...

#######......#.### #.#
#.......##...#...# #)#
#............#.### #[###
#...........##.# #...#
#...........##.# #.#.#
#...........##.# #.#.#
#.......#'#.##o#####.#.#
#.......#)#....o.(##.#.#
#......##.#....@..##.#.#
#......##.#.......#....#
#......##)###.....#..###
#......##...)...####.######
#..............##..##.....#
####....#..#(.##....##.####
##.....<...##.⌠._##.#
#.#.......#.....##.#
#.........#....###.#


You could see an orc wizard and an orc.

Vanquished Creatures
  Sigmund (D:2)
  A hound (D:3)
  An iguana (D:3)
  2 orc wizards (D:3)
  5 adders
  A worm (D:2)
  9 orcs
  5 endoplasms
  A giant cockroach (D:1)
  5 hobgoblins
  2 jackals (D:1)
  3 quokkas
  5 ball pythons
  7 bats
  A frilled lizard (D:3)
  4 goblins (D:2)
  8 kobolds
  5 rats
66 creatures vanquished.

Vanquished Creatures (others)
  An orc wizard (D:3)
1 creature vanquished.

Grand Total: 67 creatures vanquished

Notes
Turn   | Place    | Note
-------+----------+-------------------------------------------
     0 | D:1      | brknglss the Gnoll Warper began the quest for the Orb.
     0 | D:1      | Reached XP level 1. HP: 20/20 MP: 6/6
   236 | D:1      | Reached XP level 2. HP: 24/26 MP: 7/7
   732 | D:2      | Learned a level 2 spell: Blink
   905 | D:2      | Reached skill level 5 in Spellcasting
   905 | D:2      | Reached XP level 3. HP: 29/31 MP: 7/9
   939 | D:2      | Noticed Sigmund
  1159 | D:2      | Reached skill level 1 in Invocations
  1186 | D:2      | Killed Sigmund
  1187 | D:2      | Reached skill level 1 in Short Blades
  1187 | D:2      | Reached skill level 1 in Long Blades
  1187 | D:2      | Reached skill level 1 in Axes
  1187 | D:2      | Reached skill level 1 in Maces & Flails
  1187 | D:2      | Reached skill level 1 in Staves
  1187 | D:2      | Reached skill level 1 in Ranged Weapons
  1187 | D:2      | Reached skill level 1 in Stealth
  1187 | D:2      | Reached skill level 1 in Shields
  1187 | D:2      | Reached skill level 1 in Unarmed Combat
  1187 | D:2      | Reached skill level 1 in Conjurations
  1187 | D:2      | Reached skill level 1 in Hexes
  1187 | D:2      | Reached skill level 1 in Summonings
  1187 | D:2      | Reached skill level 1 in Necromancy
  1187 | D:2      | Reached skill level 1 in Transmutations
  1187 | D:2      | Reached skill level 1 in Fire Magic
  1187 | D:2      | Reached skill level 1 in Ice Magic
  1187 | D:2      | Reached skill level 1 in Air Magic
  1187 | D:2      | Reached skill level 1 in Earth Magic
  1187 | D:2      | Reached skill level 1 in Poison Magic
  1187 | D:2      | Reached skill level 1 in Evocations
  1187 | D:2      | Reached XP level 4. HP: 30/38 MP: 11/11
  1187 | D:2      | Reached XP level 5. HP: 34/43 MP: 12/12
  1434 | D:2      | Found a shimmering altar of Xom.
  1797 | D:3      | Reached XP level 6. HP: 19/50 MP: 13/13
  2070 | D:3      | Found an iron altar of Okawaru.
  2070 | D:3      | Found a stormy altar of Qazlal.
  2290 | D:3      | Reached skill level 5 in Fighting
  2290 | D:3      | Reached skill level 5 in Polearms
  2290 | D:3      | Reached skill level 5 in Dodging
  3269 | D:3      | Learned a level 3 spell: Vhi's Electric Charge
  3402 | D:3      | Slain by an orc

Illustrated notes

Levels and vault maps discovered:
D:1:      eino_arrival_cavern_b, layout_rooms
D:2:      layout_basic, basic_altar, uniq_sigmund
D:3:      layout_basic, gammafunk_temple_overflow_pools, minmay_pentomino_pile
D:4:      minmay_evil_eye, layout_cave_pods, amcnicky_altar_gilded

Skill      XL: |  1  2  3  4  5  6 |
---------------+-------------------+-----
Spellcasting   | 5 |  5.4
Invocations    | 1 2 |  2.4
Short Blades   | 1 2 |  2.2
Long Blades    | 1 2 |  2.2
Axes           | 1 2 |  2.2
Maces & Flails | 1 2 |  2.2
Staves         | 1 2 |  2.2
Ranged Weapons | 1 2 |  2.2
Throwing       | 3 |  3.4
Armour         | 3 |  3.4
Stealth        | 1 2 |  2.2
Shields        | 1 2 |  2.2
Unarmed Combat | 1 2 |  2.2
Conjurations   | 1 |  1.7
Hexes          | 1 |  1.7
Summonings     | 1 |  1.7
Necromancy     | 1 |  1.7
Transmutations | 1 |  1.7
Fire Magic     | 1 |  1.7
Ice Magic      | 1 |  1.7
Air Magic      | 1 |  1.7
Earth Magic    | 1 |  1.7
Poison Magic   | 1 |  1.7
Evocations     | 1 2 |  2.2
Fighting       | 5 |  5.1
Polearms       | 5 |  5.1
Dodging        | 5 |  5.1
Translocations | |  5.7

Action                     |  1- 3 |  4- 6 || total
---------------------------+-------+-------++-------
  Melee: Spear             |   128 |       ||   128
         Bite              |    12 |     9 ||    21
         Halberd           |       |    79 ||    79
         Trident           |       |   121 ||   121
  Throw: Dart              |     4 |       ||     4
         Boomerang         |       |     2 ||     2
   Cast: Blink             |       |     3 ||     3
         Vhi's Electric Ch |       |     1 ||     1
    Use: Scroll            |     3 |     3 ||     6
   Stab: Sleeping          |       |     1 ||     1
 Armour: Leather armour    |    35 |    57 ||    92
  Dodge: Dodged            |    77 |   157 ||   234

Table legend: (Time is in decaauts)
 A = Elapsed time spent in this place.
 B = Non-inter-level travel time spent in this place.
 C = Inter-level travel time spent in this place.
 D = Time resting spent in this place.
 E = Time spent auto-exploring this place.
 F = Levels seen in this place.
 G = Mean time per level.
                   A        B        C        D        E       F      G
               +--------+--------+--------+--------+--------+-----+--------+
         Total |   3411 |   3318 |     93 |   1150 |   1258 |   4 |  852.8 |
       Dungeon |   3411 |   3318 |     93 |   1150 |   1258 |   4 |  852.8 |
               +--------+--------+--------+--------+--------+-----+--------+

Top non-repeatable levels by time:
     D:3: 1617 daAuts
     D:1: 891 daAuts
     D:2: 839 daAuts
     D:4: 63 daAuts
